Map: Emerald City LE

Players

kvkv

  • Race: Terran Terran
  • Spawn Location: 11:00

Piotrek

  • Race: Protoss Protoss
  • League: Platinum
  • Spawn Location: 11:00

Massa - Winner!

  • Race: Terran Terran
  • League: Platinum
  • Spawn Location: 5:00

qqq - Winner!

  • Race: Zerg Zerg
  • Spawn Location: 5:00

VOD

Have the link to the VOD?

Description

Time

  • Played on: Oct. 19, 2020, 3:21 p.m.
  • Length: 7:45
Show
View Real Time Build Order
Export as new Build Order

kvkv Terran 

Build Orders: 2 Factory, Cyclone Opening 

Get SALT Encoding   

  12  0:00  SCV  
  13  0:13  Supply Depot  
  13  0:18  SCV  
  14  0:26  Refinery  
  14  0:30  SCV  
  15  0:42  SCV  
  16  0:49  Barracks  
  16  0:54  SCV  
  17  1:06  SCV  
  19  1:18  SCV  
  19  1:30  SCV  
  20  1:37  Factory  
  20  1:42  SCV  
  20  1:43  Refinery, Supply Depot  
  21  1:54  SCV  
  22  2:03  Supply Depot  
  22  2:07  SCV  
  23  2:19  SCV  
  23  2:22  Factory Tech Lab, Factory  
  24  2:31  SCV  
  25  2:46  Mag-Field Accelerator  
  25  2:50  Marine  
  28  2:56  Cyclone  
  29  3:01  SCV  
  29  3:05  Factory Tech Lab  
  30  3:18  SCV  
  31  3:25  Cyclone  
  34  3:33  Cyclone  
  37  3:41  Supply Depot  
  37  4:02  Cyclone  
  40  4:04  Supply Depot  
  40  4:25  Siege Tank  
  40  4:28  Supply Depot  
  43  4:31  Marine  
  44  4:49  Marine  
  45  4:59  Command Center  
  41  5:07  Marine  
  36  5:22  Siege Tank x2  
  36  5:24  Marine  
  36  5:26  Starport  
  36  5:27  SCV  
  41  5:42  Marine  
  42  5:53  Orbital Command  
  42  5:54  Cyclone, Command Center  
  45  6:00  Marine  
  46  6:27  Cyclone x2  
  46  6:29  Starport Tech Lab  
  52  6:37  Refinery  
  34  7:14  SCV  
  32  7:19  Barracks  
  29  7:26  SCV  
Show
View Real Time Build Order
Export as new Build Order

Piotrek Protoss 

Build Orders:  

Get SALT Encoding   

  12  0:00  Probe  
  13  0:12  Probe  
  14  0:17  Pylon  
  14  0:24  Probe  
  15  0:36  Probe  
  15  0:39  Gateway  
  16  0:48  Probe (Chrono Boost)  
  17  0:51  Assimilator  
  17  1:01  Probe (Chrono Boost)  
  18  1:08  Gateway  
  18  1:10  Probe (Chrono Boost)  
  19  1:18  Probe  
  20  1:30  Probe  
  21  1:33  Cybernetics Core  
  21  1:34  Pylon  
  21  1:37  Assimilator  
  21  1:44  Pylon  
  21  1:46  Probe  
  22  1:58  Probe  
  23  2:02  Gateway  
  23  2:03  Warp Gate (Chrono Boost)  
  23  2:10  Probe  
  23  2:15  Stalker  
  26  2:25  Gateway  
  26  2:32  Probe  
  26  2:35  Pylon  
  27  2:44  Stalker  
  29  3:07  Stalker x2  
  32  3:39  Zealot x2  
  36  3:52  Stalker  
  38  3:59  Pylon  
  38  4:02  Pylon  
  38  4:10  Pylon  
  38  4:28  Gateway  
  38  4:35  Stalker x4  
  46  4:49  Shield Battery  
  46  4:51  Shield Battery  
  40  5:10  Stalker x4  
  36  5:29  Zealot  
  34  5:39  Stalker x2  
  34  5:40  Stalker  
  40  5:58  Stalker  
  40  6:00  Stalker  
  44  6:14  Probe  
  44  6:17  Stalker x2  
  49  6:30  Pylon  
  47  6:45  Stalker  
  47  6:46  Stalker  
  45  7:27  Stalker  
  45  7:28  Stalker x4  
Show
View Real Time Build Order
Export as new Build Order

Massa Terran - Winner!

Build Orders: Reaper Expand 

Get SALT Encoding   

  12  0:00  SCV  
  13  0:12  SCV  
  14  0:25  SCV, Supply Depot  
  15  0:37  Refinery  
  15  0:46  SCV  
  15  0:47  Barracks  
  16  0:58  SCV  
  17  1:10  SCV  
  18  1:23  SCV  
  19  1:35  Reaper  
  19  1:38  Orbital Command  
  20  1:48  Command Center  
  20  2:04  SCV  
  20  2:07  Marine  
  22  2:21  Factory  
  22  2:27  Supply Depot  
  22  2:28  SCV  
  23  2:48  Barracks Reactor, SCV  
  24  2:55  Barracks  
  24  3:01  Orbital Command  
  24  3:02  SCV  
  25  3:08  Supply Depot  
  25  3:11  Starport  
  25  3:14  SCV  
  26  3:28  Marine x2  
  26  3:33  SCV x2  
  30  3:35  Factory Tech Lab  
  30  3:36  Refinery  
  30  3:45  SCV x2, Barracks Tech Lab  
  30  3:46  Marine x2  
  33  3:59  Supply Depot  
  33  4:04  Marine x2  
  33  4:05  Bunker  
  34  4:11  Marauder  
  34  4:12  Stimpack  
  36  4:20  Refinery  
  36  4:22  Marine  
  36  4:23  Siege Tank  
  40  4:31  Marine  
  41  4:33  Marauder  
  42  4:39  Marine  
  42  4:42  Refinery  
  43  4:46  Engineering Bay  
  43  4:49  Marine  
  44  4:54  Marauder  
  44  4:57  Marine  
  46  5:06  Marine  
  45  5:07  Siege Tank  
  45  5:15  Marauder  
  45  5:17  Bunker  
  45  5:19  Marine  
  48  5:21  Bunker  
  48  5:24  Marine  
  46  5:37  Marauder, Marine  
  48  5:45  Marine  
  49  5:51  Concussive Shells  
  49  5:55  Marine  
  52  6:05  Liberator  
  53  6:21  Supply Depot  
  53  6:22  Supply Depot  
  53  6:39  SCV  
  54  6:43  SCV, Marauder, Siege Tank  
  54  6:46  Supply Depot x2  
  60  6:47  Supply Depot  
  60  6:48  Medivac  
  60  6:51  SCV  
  62  7:04  Marauder  
  62  7:06  Marine x2  
  66  7:24  Marine x2  
Show
View Real Time Build Order
Export as new Build Order

qqq Zerg - Winner!

Build Orders: Hatch First 

Get SALT Encoding   

  12  0:00  Drone  
  13  0:08  Drone  
  14  0:37  Hatchery  
  13  0:53  Drone, Spawning Pool  
  13  1:02  Overlord  
  13  1:07  Drone  
  14  1:19  Extractor  
  14  1:24  Drone  
  14  1:25  Drone  
  15  1:31  Drone  
  16  1:38  Drone  
  17  1:53  Drone, Queen  
  20  1:56  Queen  
  22  2:08  Drone x2  
  23  2:11  Drone x2  
  26  2:27  Drone, Roach Warren  
  26  2:30  Drone  
  26  2:34  Extractor  
  26  2:42  Zergling x4  
  28  2:49  Overlord  
  28  2:54  Lair  
  28  3:01  Overlord  
  28  3:05  Overlord  
  28  3:10  Drone  
  29  3:20  Roach  
  29  3:21  Roach  
  29  3:24  Roach  
  35  3:27  Drone  
  35  3:34  Zergling x2  
  37  3:37  Roach  
  37  3:40  Drone  
  40  3:51  Glial Reconstitution  
  40  3:52  Metabolic Boost  
  40  3:57  Roach  
  40  4:00  Drone  
  40  4:02  Drone  
  44  4:05  Drone  
  45  4:10  Roach  
  47  4:22  Roach  
  47  4:23  Drone, Roach  
  51  4:40  Overlord x3  
  51  4:41  Overlord  
  51  4:44  Extractor  
  50  4:46  Drone, Extractor  
  50  4:47  Drone  
  51  4:52  Overlord  
  50  5:13  Roach x5  
  47  5:31  Roach  
  47  5:32  Roach x3  
  47  5:33  Roach x2  
  57  5:40  Drone x2  
  59  5:59  Overlord x2  
  59  6:01  Roach x2  
  63  6:05  Zergling x2  
  63  6:06  Zergling x2  
  65  6:22  Roach  
  65  6:23  Roach  
  69  6:26  Roach  
  69  6:32  Roach  
  41  7:25  Drone x3  
  46  7:42  Hatchery  
Tags
 
Add a new tag
Caveats
  • Supply blocks, unpowered buildings, or Contaminate may cause inaccurate times.
  • Supply counts are checked every 10 seconds.